 Dungeon Crawl Stone Soup version 0.28.0-53-g5a82cb258f (webtiles) character file.

Game seed: 9602988658123185455

987 Zeld the Digger (level 8, -6/41 HPs)
             Began as a Gargoyle Earth Elementalist on June 2, 2022.
             Killed by divine providence
             ... invoked by an orc priest
              (12 damage)
             ... on level 5 of the Dungeon.
             The game lasted 00:07:07 (6232 turns).

Zeld the Digger (Gargoyle Earth Elementalist)       Turns: 6232, Time: 00:07:07

Health: -6/41      AC:  8    Str: 11    XL:     8   Next: 18%
Magic:  16/16      EV: 11    Int: 19    God:
Gold:   198        SH:  0    Dex: 10    Spells: 8/18 levels left

rFire   . . .      SeeInvis .   (no weapon)
rCold   . . .      Faith    .   (no shield)
rNeg    + . .      Spirit   .   b - +0 robe
rPois   ∞          Reflect  .   (no helmet)
rElec   +          Harm     .   f - +0 cloak
rCorr   .          Rampage  .   (no gloves)
Will    .....                   (no boots)
Stlth   ++........              (no amulet)
HPRegen 0.13/turn               (no ring)
MPRegen 0.15/turn               (no ring)

@: no status effects
A: sickness immunity, AC +5, negative energy resistance 1, electricity
resistance, torment resistance 1, petrification resistance
a: no special abilities


You were on level 5 of the Dungeon.
You visited 2 branches of the dungeon, and saw 6 of its levels.
You also visited: Ossuary.

You collected 198 gold pieces.

Inventory:

Missiles
 e - 48 bolts
 w - 30 stones
 y - 29 arrows
Armour
 b - a +0 robe (worn)
 f - a +0 cloak (worn)
 l - a +2 pair of boots
Jewellery
 m - an amulet of magic regeneration
Wands
 k - a wand of paralysis (4)
Scrolls
 a - a scroll of brand weapon {unknown}
 c - 2 scrolls of holy word {unknown}
 d - 3 scrolls of identify {unknown}
 h - 2 scrolls of fog {unknown}
 j - 2 scrolls of vulnerability {unknown}
 n - a scroll of silence {unknown}
 o - a scroll of blinking {unknown}
 r - a scroll of torment {unknown}
 s - 3 scrolls of immolation {unknown}
 t - a scroll of noise {unknown}
 x - 2 scrolls of amnesia {unknown}
Potions
 g - 2 potions of degeneration {unknown}
 i - 3 potions of curing {unknown}
 p - 2 potions of heal wounds {unknown}
 q - a potion of ambrosia {unknown}
 u - 5 potions of haste {unknown}
 v - 3 potions of might {unknown}


   Skills:
 - Level 1.5 Dodging
 - Level 2.1 Stealth
 * Level 5.5 Spellcasting
 + Level 3.8 Conjurations
 - Level 2.0 Transmutations
 * Level 7.7 Earth Magic


You had 8 spell levels left.
You knew the following spells:

 Your Spells              Type           Power      Damage    Failure   Level
a - Sandblast             Erth           68%        2d15      1%          1
b - Passwall              Tmut/Erth      19%        N/A       2%          2
c - Stone Arrow           Conj/Erth      54%        3d10      3%          3
d - Petrify               Tmut/Erth      23%        N/A       16%         4

Your spell library contained the following spells:

 Spells                   Type           Power      Damage    Failure   Level
 Beastly Appendage        Tmut           24%        N/A       5%          1
 Wereblood                Tmut           12%        N/A       8%          2
 Summon Small Mammal      Summ           20%        N/A       12%         1
 Dazzling Flash           Conj/Hex       24%        N/A       16%         3
 Spider Form              Tmut/Pois      9%         N/A       24%         3
 Call Canine Familiar     Summ           5%         N/A       34%         3
 Summon Guardian Golem    Hex/Summ       5%         N/A       34%         3
 Agony                    Necr           5%         N/A       97%         5
 Manifold Assault         Tloc           5%         N/A       97%         5
 Silence                  Hex/Air        2%         N/A       97%         5


Dungeon Overview and Level Annotations

Branches:
Dungeon (5/15)             Temple (1/1) D:4         Ossuary (visited)

Altars:
Cheibriados
Dithmenos
Elyvilon
Hepliaklqana
Kikubaaqudgha
Nemelex Xobeh
Okawaru
Qazlal
Sif Muna
Uskayaw
Vehumet
Xom
Yredelemnul
Zin

Shops:
D:4 [(

Annotations:
D:3 3 runed translucent doors, Valamore's ghost, amateur DsFi


Innate Abilities, Weirdness & Mutations

You are immune to sickness and miasma.
Your stone body is resilient. (AC +5)
You are immune to poison.
You resist negative energy. (rN+)
You are resistant to electric shocks. (rElec)
You are resistant to unholy torment.
You are immune to petrification.


Message History

You climb downwards.
There is a stone staircase leading up here.
No target in view!
An orc priest comes into view.
It is wielding a +2 hand axe of freezing.
An orc priest is nearby!
An orc priest is nearby!
An orc priest is nearby!
An orc warrior and 3 orcs come into view.
The orc warrior is wielding a +1 glaive of freezing.
The orc priest shouts!
The orc shouts!
The orc warrior shouts!
The orc priest mumbles some strange prayers to Beogh against you.
Beogh smites you!
The orc shouts!
The orc priest calls down the wrath of Beogh upon you.
Beogh smites you!
The orc priest begins to cast a cantrip, but forgets the words!
There is a stone staircase leading up here.
You start resting.
An orc warrior is nearby!
An orc warrior is nearby!
Casting: Sandblast (safe; 1% risk of failure)
Confirm with . or Enter, or press ? or * to list all spells.
You can't see any susceptible monsters within range! (Use Z to cast anyway.)
Casting: Sandblast (safe; 1% risk of failure)
Confirm with . or Enter, or press ? or * to list all spells.
You can't see any susceptible monsters within range! (Use Z to cast anyway.)
There are monsters nearby!
The orc priest calls down the wrath of Beogh upon you.
Beogh smites you!
* * * LOW HITPOINT WARNING * * *
You hear a shout!
Casting: Sandblast (safe; 1% risk of failure)
Confirm with . or Enter, or press ? or * to list all spells.
Aiming: Stone Arrow (dangerous; 3% risk of failure)
Press: ? - help, Shift-Dir - straight line, f - orc warrior
Aim: an orc warrior, wielding a +1 glaive of freezing and wearing a +0 chain mail (68% to hit)
Okay, then.
The orc priest invokes the aid of Beogh against you.
Beogh smites you!
You die...

######
#....#
#....#
#....#
#....#
#....#
#@...#
#....#
#....#
#....#
#.o..#
#....#
#o...#
#.o..#
#....#


You could see an orc warrior, an orc priest and an orc.

Vanquished Creatures
  Grinder (D:3)
  A wraith (Ossuary)
  A phantom (D:4)
  A bullfrog (D:4)
  An elf zombie (Ossuary)
  A hound (D:4)
  2 human zombies (Ossuary)
  2 orc priests (D:3)
  An orc wizard (D:3)
  Ijyb (D:3)
  Terence (D:3)
  4 mummies
  6 adders
  An adder skeleton (D:4)
  3 dart slugs
  10 orcs
  8 ball pythons
  6 endoplasms
  3 giant cockroaches
  12 goblins
  8 hobgoblins
  8 jackals (D:1)
  9 kobolds
  4 quokkas
  A bat (D:1)
  2 frilled lizards (D:1)
  3 goblin zombies (Ossuary)
  5 hobgoblin zombies (Ossuary)
  2 kobold zombies (Ossuary)
  9 rats
117 creatures vanquished.

Vanquished Creatures (others)
  A plant (D:4)
1 creature vanquished.

Grand Total: 118 creatures vanquished

Notes
Turn   | Place    | Note
-------+----------+-------------------------------------------
     0 | D:1      | Zeld the Gargoyle Earth Elementalist began the quest for
                  | the Orb.
     0 | D:1      | Reached XP level 1. HP: 10/10 MP: 3/3
   265 | D:1      | Reached skill level 1 in Transmutations
   265 | D:1      | Reached XP level 2. HP: 13/15 MP: 3/5
   268 | D:1      | Reached skill level 4 in Earth Magic
   402 | D:1      | Learned a level 2 spell: Passwall
   582 | D:1      | Reached XP level 3. HP: 19/19 MP: 3/6
   616 | D:1      | Learned a level 3 spell: Stone Arrow
  1722 | D:2      | Found a faded altar of an unknown god.
  1775 | D:2      | Reached XP level 4. HP: 24/24 MP: 1/8
  2277 | D:3      | Noticed Ijyb
  2278 | D:3      | Paralysed by Ijyb for 3 turns
  2290 | D:3      | Paralysed by Ijyb for 3 turns
  2296 | D:3      | Killed Ijyb
  2418 | D:3      | Noticed Valamore's ghost (amateur DsFi)
  2444 | D:3      | Found a runed translucent gate.
  2444 | D:3      | Found a runed translucent gate.
  2444 | D:3      | Found a runed translucent gate.
  2452 | D:3      | Reached skill level 1 in Conjurations
  2477 | D:3      | Found a basalt altar of Yredelemnul.
  2558 | D:3      | Noticed Grinder
  2659 | D:4      | Reached skill level 5 in Earth Magic
  2659 | D:4      | Reached XP level 5. HP: 28/28 MP: 4/9
  2663 | D:4      | Noticed a phantom
  2667 | D:4      | Found a staircase to the Ecumenical Temple.
  2672 | D:4      | Killed a phantom
  2682 | Temple   | Entered the Ecumenical Temple
  3078 | D:4      | Got the Papyrus of Orientation and Calling
  3091 | D:4      | Found Fafameef's Antique Weapon Shoppe.
  3181 | D:4      | Reached XP level 6. HP: 32/32 MP: 8/11
  3269 | D:4      | Found a sand-covered staircase.
  3276 | Ossuary  | Entered an ossuary
  3276 | Ossuary  | Noticed a wraith
  3276 | Ossuary  | Noticed a wraith
  3276 | Ossuary  | Noticed a wraith
  3413 | Ossuary  | Reached skill level 6 in Earth Magic
  3762 | Ossuary  | Reached XP level 7. HP: 18/36 MP: 9/13
  3931 | Ossuary  | Noticed a wraith
  4028 | Ossuary  | Killed a wraith
  4407 | D:3      | Noticed Terence
  4414 | D:3      | Killed Terence
  4503 | D:3      | Reached skill level 7 in Earth Magic
  4968 | D:3      | Reached skill level 5 in Spellcasting
  5203 | D:3      | Paralysed by Grinder for 5 turns
  5212 | D:3      | Killed Grinder
  5213 | D:3      | Reached XP level 8. HP: 35/41 MP: 1/16
  5318 | D:3      | Found a glowing silver altar of Zin.
  5695 | D:4      | Found Zyseguo's Antique Armour Shop.
  5706 | D:4      | Learned a level 4 spell: Petrify
  6189 | D:5      | Entered Level 5 of the Dungeon
  6232 | D:5      | Killed from afar by an orc priest

Illustrated notes

Levels and vault maps discovered:
D:1:      nzn_arrival_settlement, layout_basic, minmay_close_crescents
D:2:      layout_basic, ebering_ecumenical_altar_webs, minmay_quantized
D:3:      layout_loops_ring, lemuel_round_altar, overflow_temple_1_default,
          gammafunk_ghost_icy, uniq_terence, uniq_ijyb, uniq_grinder
D:4:      layout_cave_pools, minmay_temple_entry_statues_fountains,
          serial_shops, nicolae_shop_overgrown_old_shop, shop,
          gup_ossuary_entry_pyramid, st_stairs_3, grunt_ministairs_13
D:5:      layout_gridville, minmay_misc_feat_doors, uniq_prince_ribbit1,
          uniq_eustachio
Temple:   hc_temple_tempest_star

Skill      XL: |  1  2  3  4  5  6  7 |
---------------+----------------------+-----
Transmutations | 1 2 |  2.0
Earth Magic    | 4 5 6 7 |  7.7
Spellcasting   | 3 4 5 |  5.5
Conjurations   | 1 2 3 |  3.8
Dodging        | |  1.5
Stealth        | |  2.1

Action                   |  1- 3 |  4- 6 |  7- 9 || total
-------------------------+-------+-------+-------++-------
Melee: Unarmed           |    17 |    13 |    14 ||    44
 Cast: Sandblast         |    46 |    61 |    12 ||   119
       Stone Arrow       |     7 |     1 |    43 ||    51
       Passwall          |       |     1 |       ||     1
Armor: Robe              |    21 |    17 |    13 ||    51
Dodge: Dodged            |    18 |    20 |    37 ||    75
